 Dungeon Crawl Stone Soup version 0.31-a0-167-g1c394c0614 (webtiles) character file.

Game seed: 14799290852127077096

1911831 mandarbmax the Merry Draconian (level 26, 266/266 HPs)
             Began as a Purple Draconian Hunter on June 14, 2023.
             Was the Champion of Okawaru.
             Escaped with the Orb
             ... and 3 runes on June 15, 2023!
             The game lasted 02:40:50 (53821 turns).

mandarbmax the Merry Draconian (DrHu)              Turns: 53821, Time: 02:40:50

Health: 266/266    AC: 19    Str: 17    XL:     26   Next: 64%
Magic:  30/30      EV: 49    Int:  8    God:    Okawaru [******]
Gold:   3513       SH:  0    Dex: 40    Spells: 17/25 levels left

rFire   . . .        c - +10 triple crossbow of Success {speed, Str+3}
rCold   . . .        (shield currently unavailable)
rNeg    + . .        (body armour unavailable)
rPois   .            h - +2 hat {SInv}
rElec   .            H - scarf of Youthful Indiscretion {harm, Will+}
rCorr   .            w - +1 pair of gloves "Join Hoz" {Rampage Regen+ Dex+3}
SInv    +            F - +2 pair of boots
Will    +++++        f - necklace of Bloodlust {Fury *Rage Will++ Int-3 Slay+6}
Stlth   ++           C - +6 ring of dexterity
HPRegen 1.44/turn    E - ring "Hicurrui" {rN+ Dex+6 Slay+4}
MPRegen 0.22/turn

%: random rage (50%), harm (+30% outgoing, +20% incoming), rampage
@: no status effects
A: breathe power, AC +12, unfitting armour, cold-blooded, mutation resistance 1,
teleportitis 1
0: Orb of Zot
}: 3/15 runes: decaying, silver, gossamer
a: Breathe Dispelling Energy, Renounce Religion, Heroism, Finesse, Duel


You escaped.
You worshipped Okawaru.
Okawaru was exalted by your worship.
You visited 10 branches of the dungeon, and saw 48 of its levels.
You visited 2 bazaars.
You also visited: Sewer, Gauntlet, Ice Cave, Volcano and Wizlab.

You collected 6862 gold pieces.
You spent 3349 gold pieces at shops.

Inventory:

Hand Weapons
 c - the +10 triple crossbow of Success (weapon) {speed, Str+3}
   (Okawaru gifted it to you on level 2 of the Vaults)

   Str:       It affects your strength (+3).
Missiles
 J - 5 throwing nets
Armour
 h - a +2 hat of see invisible (worn)
 w - the +1 pair of gloves "Join Hoz" (worn) {Rampage Regen+ Dex+3}
   (Okawaru gifted it to you on level 5 of the Lair of Beasts)

   Dex:       It affects your dexterity (+3).
   Regen:     It increases your rate of health regeneration.
   Rampage:   It bestows one free step when moving towards enemies.
 F - a +2 pair of boots (worn)
 H - the scarf of Youthful Indiscretion (worn) {harm, Will+}
   (Okawaru gifted it to you on level 14 of the Dungeon)

   Will:      It increases your willpower.
 U - the +4 pair of gloves of Veneuham {Str+2 SInv Stlth+}
   (Okawaru gifted it to you on level 3 of the Depths)

   Str:       It affects your strength (+2).
   SInv:      It lets you see invisible.
   Stlth:     It makes you more stealthy.
Jewellery
 b - the ring of Miefreon {rF+ Int+6}
   (You found it on level 4 of the Vaults)

   [ring of intelligence]

   Int:       It affects your intelligence (+6).
   rF:        It protects you from fire.
 f - the necklace of Bloodlust (around neck) {Fury *Rage Will++ Int-3 Slay+6}
   (You found it on level 7 of the Dungeon)

   [amulet of nothing]

   Fury:      It extends the wearer's berserk rage when killing foes.
   Int:       It affects your intelligence (-3).
   Slay:      It affects your accuracy & damage with ranged weapons and melee
   (+6).
   *Rage:     It berserks you when you make melee attacks (+50% chance).
   Will:      It greatly increases your willpower.
 B - a ring of resist corrosion
 C - a +6 ring of dexterity (left hand)
 E - the ring "Hicurrui" (right hand) {rN+ Dex+6 Slay+4}
   (You found it on level 4 of the Vaults)

   [ring of dexterity]

   Dex:       It affects your dexterity (+6).
   Slay:      It affects your accuracy & damage with ranged weapons and melee
   (+4).
   rN:        It protects you from negative energy.
 R - the amulet "Vyrriq" {rElec Will+ Regen+}
   (You found it on level 2 of the Depths)

   [amulet of regeneration]

   rElec:     It insulates you from electricity.
   Regen:     It increases your rate of health regeneration.
   Will:      It increases your willpower.
 T - the ring "Usut Uth" {rPois Dex+2}
   (You found it on level 2 of the Swamp)

   [ring of poison resistance]

   Dex:       It affects your dexterity (+2).
   rPois:     It protects you from poison.
 X - the amulet of the Air {Inacc Air Fly rElec RMsl}
   (You found it on level 3 of the Realm of Zot)

   [amulet of nothing]

   Inacc:     It reduces the accuracy of your attacks and spells.
   Air:       It enhances your air magic.
   rElec:     It insulates you from electricity.
   Fly:       It grants you flight.
   RMsl:      It protects you from missiles.
 Y - the ring "Awofoism" {rF+ Will+ Str-4 Int+4 SInv}
   (You found it in a wizard's laboratory)

   [ring of see invisible]

   Str:       It affects your strength (-4).
   Int:       It affects your intelligence (+4).
   rF:        It protects you from fire.
   SInv:      It lets you see invisible.
   Will:      It increases your willpower.
Wands
 m - a wand of mindburst (6)
 G - a wand of light (20)
 M - a wand of digging (9)
 O - a wand of polymorph (16)
Scrolls
 e - 13 scrolls of teleportation
 g - 5 scrolls of fear
 i - 3 scrolls of brand weapon
 n - 7 scrolls of immolation
 o - 4 scrolls of torment
 p - 13 scrolls of fog
 q - 4 scrolls of enchant weapon
 t - 4 scrolls of blinking
 u - 4 scrolls of silence
 y - 5 scrolls of amnesia
 D - 3 scrolls of revelation
 L - 6 scrolls of poison
 Q - 4 scrolls of enchant armour
Potions
 a - 3 potions of invisibility
 d - 8 potions of enlightenment
 j - 7 potions of ambrosia
 k - 7 potions of magic
 l - 4 potions of might
 r - 6 potions of mutation
 s - 3 potions of cancellation
 v - 8 potions of brilliance
 x - 5 potions of heal wounds
 z - 5 potions of berserk rage
 A - 8 potions of lignification
 K - 2 potions of resistance
 P - 9 potions of curing
 S - 6 potions of haste
Miscellaneous
 N - a piece from Xom's chessboard (15/15)
 V - a lightning rod (4/4)
 W - a phial of floods
 Z - a condenser vane


   Skills:
 O Level 27 Fighting
 O Level 27 Ranged Weapons
 + Level 24.1 Dodging
 + Level 10.4 Stealth
 + Level 10.4 Invocations
 - Level 6.0 Evocations


You had 17 spell levels left.
You knew the following spells:

 Your Spells              Type           Power      Damage    Failure   Level
a - Blink                 Tloc           0%         N/A       54%         2
b - Portal Projectile     Hex/Tloc       0%         N/A       78%         3
c - Swiftness             Air            0%         N/A       78%         3

Your spell library contained the following spells:

 Spells                   Type           Power      Damage    Failure   Level
 Beastly Appendage        Tmut           0%         N/A       41%         1
 Kiss of Death            Conj/Necr      0%         2d5       41%         1
 Magic Dart               Conj           0%         1d3       41%         1
 Necrotise                Necr           0%         1d4       41%         1
 Shock                    Conj/Air       0%         1d3       41%         1
 Slow                     Hex            0%         N/A       41%         1
 Sting                    Tmut/Pois      0%         1d3       41%         1
 Cigotuvi's Dreadful Rot  Necr/Pois/Air  0%         N/A       54%         2
 Ensorcelled Hibernation  Hex/Ice        0%         N/A       54%         2
 Lesser Beckoning         Tloc           0%         N/A       54%         2
 Momentum Strike          Conj/Tloc      0%         3d8       54%         2
 Passwall                 Tmut/Erth      0%         N/A       54%         2
 Poisonous Vapours        Pois/Air       0%         N/A       54%         2
 Static Discharge         Conj/Air       0%         2-2/arc   54%         2
 Sublimation of Blood     Necr           0%         N/A       54%         2
 Wereblood                Tmut           0%         N/A       54%         2
 Confusing Touch          Hex            0%         N/A       78%         3
 Dazzling Flash           Conj/Hex       0%         N/A       78%         3
 Frozen Ramparts          Ice            0%         1d1       78%         3
 Gell's Gravitas          Tloc           0%         N/A       78%         3
 Hailstorm                Conj/Ice       0%         3d3       78%         3
 Ignite Poison            Fire/Tmut/Pois 0%         N/A       78%         3
 Mephitic Cloud           Conj/Pois/Air  0%         N/A       78%         3
 Ozocubu's Armour         Ice            0%         N/A       78%         3
 Spider Form              Tmut/Pois      0%         N/A       78%         3
 Teleport Other           Tloc           0%         N/A       78%         3
 Vampiric Draining        Necr           0%         2d6       78%         3
 Volatile Blastmotes      Fire/Tloc      0%         2d10      78%         3
 Airstrike                Air            0%         2d(0-16)  99%         4
 Anguish                  Hex/Necr       0%         N/A       99%         4
 Cause Fear               Hex            0%         N/A       99%         4
 Dispel Undead            Necr           0%         3d6       99%         4
 Ice Form                 Ice/Tmut       0%         N/A       99%         4
 Iskenderun's Mystic Bla  Conj/Tloc      0%         2d3       99%         4
 Leda's Liquefaction      Hex/Erth       0%         N/A       99%         4
 Olgreb's Toxic Radiance  Pois           0%         N/A       99%         4
 Petrify                  Tmut/Erth      0%         N/A       99%         4
 Agony                    Necr           0%         N/A       100%        5
 Blade Hands              Tmut           0%         N/A       100%        5
 Fireball                 Conj/Fire      0%         3d3       100%        5
 Freezing Cloud           Conj/Ice/Air   0%         6-21      100%        5
 Irradiate                Conj/Tmut      0%         3d11      100%        5
 Iskenderun's Battlesphe  Conj           0%         2d6       100%        5
 Metabolic Englaciation   Hex/Ice        0%         N/A       100%        5
 Conjure Ball Lightning   Conj/Air       0%         3x3d6     100%        6
 Dispersal                Tloc           0%         N/A       100%        6
 Eringya's Noxious Bog    Tmut/Pois      0%         N/A       100%        6
 Leda's Unmaking          Conj/Erth      0%         9d1       100%        6
 Starburst                Conj/Fire      0%         6d3       100%        6
 Statue Form              Tmut/Erth      0%         N/A       100%        6
 Dragon Form              Tmut           0%         N/A       100%        7
 Enfeeble                 Hex            0%         N/A       100%        7
 Orb of Destruction       Conj           0%         9d5       100%        7
 Ozocubu's Refrigeration  Ice            0%         4d7       100%        7
 Borgnjor's Revivificati  Necr           0%         N/A       100%        8
 Necromutation            Tmut/Necr      0%         N/A       100%        8
 Death's Door             Necr           0%         N/A       100%        9
 Call Imp                 Summ           Unusable   N/A       N/A         2
 Call Canine Familiar     Summ           Unusable   N/A       N/A         3
 Summon Ice Beast         Ice/Summ       Unusable   N/A       N/A         4
 Summon Lightning Spire   Summ/Air       Unusable   N/A       N/A         4
 Summon Forest            Summ/Tloc      Unusable   N/A       N/A         5
 Death Channel            Necr           Unusable   N/A       N/A         6
 Simulacrum               Ice/Necr       Unusable   N/A       N/A         6
 Spellforged Servitor     Conj/Summ      Unusable   N/A       N/A         7
 Summon Hydra             Summ           Unusable   N/A       N/A         7

Dungeon Overview and Level Annotations

Branches:
Dungeon (15/15)            Temple (1/1) D:7            Lair (5/5) D:10
  Swamp (4/4) Lair:3       Spider (4/4) Lair:3        Slime (0/5) Lair:4
    Orc (2/2) D:9             Elf (3/3) Orc:2        Vaults (5/5) D:14
  Crypt (0/3) Vaults:3     Depths (4/4) D:15            Zot (5/5) Depths:4
  Sewer (visited)           IceCv (visited)         Volcano (visited)
 WizLab (visited)         Gauntlet (visited)

Altars:
Ashenzari
Cheibriados
Dithmenos
Elyvilon
Fedhas
Gozag
Hepliaklqana
Kikubaaqudgha
Makhleb
Nemelex Xobeh
Okawaru
Qazlal
Ru
Sif Muna
Trog
Uskayaw
Vehumet
Wu Jian
Xom
Yredelemnul
Zin
The Shining One

Shops:
D:9 [   Orc:1 **   Orc:2 (!=(   Elf:1 :=:   Elf:2 [   Elf:3 [**   Depths:1 ?
Depths:2 *

Portals:
Hell: Depths:1 Depths:2 Depths:3 Depths:4
Abyss: Lair:1 Depths:3
Pandemonium: Depths:2 Depths:4
Ziggurat: Depths:1

Annotations:
Depths:3 2 runed translucent doors


Innate Abilities, Weirdness & Mutations

You can breathe bolts of dispelling energy.
Your rich purple scales are hard. (AC +12)
You cannot fit into any form of body armour.
You are cold-blooded and may be slowed by cold attacks.
You are somewhat resistant to further mutation.
You are occasionally teleported next to monsters.


Message History

(D) Dungeon (T) Temple (L) Lair (S) Swamp (N) Spider Nest (M) Slime Pits (O) Orcish Mines (E) Elven Halls (V) Vaults (C) Crypt (U) Depths (H) Hell (Z) Zot
Where to? (Enter - D:3, ? - help)
There is a stone staircase leading up here.
You climb upwards.
There is a stone staircase leading down here.
(D) Dungeon (T) Temple (L) Lair (S) Swamp (N) Spider Nest (M) Slime Pits (O) Orcish Mines (E) Elven Halls (V) Vaults (C) Crypt (U) Depths (H) Hell (Z) Zot
Where to? (Enter - D:2, ? - help)
There is an open door here.
A red devil comes into view.
It is wielding a +1 demon trident of draining.
You shoot a bolt. The bolt hits the red devil!!
The red devil is almost dead.
You shoot a bolt. The bolt hits the red devil!!!!
You kill the red devil!
Okawaru accepts your kill.
No target in view!
(D) Dungeon (T) Temple (L) Lair (S) Swamp (N) Spider Nest (M) Slime Pits (O) Orcish Mines (E) Elven Halls (V) Vaults (C) Crypt (U) Depths (H) Hell (Z) Zot
Where to? (Enter - D:1, ? - help)
You see here a +0 ring mail.
There is an open door here.
There is a stone staircase leading up here.
You climb upwards.
There is a stone staircase leading down here.
(D) Dungeon (T) Temple (L) Lair (S) Swamp (N) Spider Nest (M) Slime Pits (O) Orcish Mines (E) Elven Halls (V) Vaults (C) Crypt (U) Depths (H) Hell (Z) Zot
Where to? (Enter - D:1, ? - help)
Okay, then.
There is an open door here.
There is a staircase leading out of the dungeon here.
You have escaped!

################.###
#.'...# ##.....##
###...# #.#8~8#.#
#...# #.#≈≈≈#.#
#...# #.#8≈8#.#
##...# # #.#≈≈≈#.#
#....## # #.#8~8#.#
#.....## # ##.....##
#......### ##.@.##
#....#...# #####
########.# ####..
#..... #..... #.....
###### #


There were no monsters in sight!

Vanquished Creatures
  7 dread liches
  3 ancient liches
  3 orbs of fire
  8 Killer Klowns
  Saint Roka (Vaults:4)
  5 curse toes
  Xtahua (Vaults:4)
  11 golden dragons
  The ghost of Yptir the Protected, an adept AtFE of Vehumet (Vaults:4)
  The ghost of Yptir the Protected, an adept AtFE of Vehumet (Vaults:4)
  Nikola (Elf:1)
  the Enchantress (Depths:3)
  3 electric golems
  2 Brimstone Fiends
  2 hellephants (Depths:1)
  2 walking crystal tomes (Depths:3)
  9 tentacled monstrosities
  Jorgrun (D:12)
  Rupert (Spider:1)
  Mlioglotl (Spider:1)
  3 liches
  4 titans
  26 Orb Guardians (Zot:5)
  4 deep elf blademasters
  7 quicksilver dragons
  A walking divine tome (Depths:3)
  An Executioner (WizLab)
  3 sphinxes
  Frances (Swamp:1)
  2 thorn hunters
  The ghost of Zenkrye the Tortoise, an adept AtBe of Trog (Swamp:2)
  Agnes (Elf:1)
  13 death cobs
  9 tengu reavers
  2 draconian monks
  Kirke (Arena)
  Roxanne (D:14)
  8 shadow dragons
  16 storm dragons
  The ghost of Doqag the Phalangite, an adept MfHs of Okawaru (Spider:2)
  8 fire giants
  A fenstrider witch (Swamp:3)
  6 draconian knights
  9 frost giants
  8 deep elf sorcerers
  An iron dragon (Vaults:5)
  A balrug (D:4)
  16 vault wardens
  Louise (Elf:1)
  3 draconian stormcallers
  3 draconian scorchers
  3 spriggan defenders (Depths:3)
  The ghost of comborobin the Crack Shot, an adept DEDe of Cheibriados (Elf:1)
  7 draconian shifters
  4 emperor scorpions
  A curse skull (Zot:1)
  8 ghost moths
  3 cacodemons
  An orc warlord (Vaults:1)
  7 draconian annihilators
  Aizul (Elf:1)
  5 war gargoyles
  4 deep elf elementalists (Elf:3)
  A reaper (IceCv)
  10 ironbound preservers
  5 formless jellyfish
  The ghost of Pixtaico the Unseen, an adept FeNe of Elyvilon (Vaults:4)
  14 very ugly things
  4 ironbound thunderhulks
  17 stone giants
  A broodmother (Spider:3)
  9 green draconians
  A minotaur (Gauntlet)
  20 dire elephants
  10 deep elf annihilators (Elf:3)
  4 deep elf demonologists
  13 black draconians
  3 vampire knights
  5 spark wasps
  15 red draconians
  Azrael (D:12)
  3 eleionomae
  3 lorocyprocas (WizLab)
  8 purple draconians
  9 yellow draconians
  5 white draconians
  7 bunyips
  2 blizzard demons
  4 deep elf death magi
  The ghost of SirDiesAlot the Geomancer, a journeyman OpEE of Gozag (D:13)
  A green death (WizLab)
  Josephine (D:13)
  A crystal guardian (Vaults:3)
  15 ettins
  16 yaktaur captains
  7 fire dragons
  3 shambling mangroves
  10 great orbs of eyes
  2 merfolk impalers
  16 entropy weavers
  5 deep elf high priests
  A rakshasa (Depths:1)
  31 vault guards
  9 ice dragons
  26 hydras
  4 peacekeepers
  Harold (D:10)
  2 catoblepae (D:14)
  3 ogre magi
  5 jorogumos (Spider:4)
  5 two-headed ogres
  2 ghost crabs
  18 centaur warriors
  9 ironbound frosthearts
  A radroach (shapeshifter) (Vaults:5)
  6 spriggan air magi
  9 boulder beetles
  5 radroaches
  10 alligators
  38 dancing weapons
  4 deep troll earth magi
  15 hell hogs
  3 tengu warriors
  3 spriggan berserkers
  The ghost of holysushi the Skirmisher, a journeyman TeAE of Okawaru (Lair:1)
  A thrashing horror (Lair:1)
  6 deep troll shamans
  7 demonic crawlers
  A vampire mage (Depths:2)
  The ghost of MrSquiggles the Frost Mage, a journeyman DEIE of Sif Muna (D:10)
  18 deep elf knights
  The ghost of jasper the Geomancer, a journeyman SpVM of Kikubaaqudgha (Orc:1)
  4 soul eaters
  14 spriggans
  Nergalle (Orc:2)
  14 hell knights
  11 sun demons
  9 pharaoh ants
  4 iron trolls
  A sun moth (Spider:3)
  A sixfirhy (Zot:5)
  9 skeletal warriors
  11 goliath frogs
  6 deep elf archers
  2 spriggan druids
  3 glowing orange brains
  A shadow demon (Zot:1)
  25 deep trolls
  13 orb spiders
  21 ironbound convokers
  2 obsidian statues
  18 swamp dragons
  15 steelbarb worms
  28 deep elf pyromancers
  10 bog bodies
  5 orc knights
  6 phantasmal warriors (Vaults:5)
  2 flayed ghosts (Depths:1)
  13 lindwurms
  20 deep elf zephyrmancers
  8 wizards
  10 harpies
  6 necromancers
  10 orc sorcerers
  18 wolf spiders
  43 ugly things
  A salamander (D:15)
  9 oklob plants
  4 will-o-the-wisps
  10 elephants
  A cyclops (shapeshifter) (Depths:4)
  4 manticores
  4 cyclopes
  Joseph (D:8)
  35 moths of wrath
  Maurice (Orc:2)
  7 black mambas
  23 vault sentinels
  7 torpor snails
  2 smoke demons
  A black mamba (shapeshifter) (Elf:2)
  14 cane toads
  2 ice statues (IceCv)
  Maggie (D:8)
  A water nymph (shapeshifter) (Vaults:5)
  16 yaktaurs
  4 molten gargoyles
  Psyche (D:8)
  An unseen horror (D:13)
  4 rime drakes
  A hellion (D:5)
  8 ice devils
  15 komodo dragons
  A tormentor (WizLab)
  An anaconda simulacrum (IceCv)
  2 red devils
  3 tengu conjurers
  9 meliai
  Grinder (D:3)
  A polar bear (Lair:5)
  A merfolk (D:12)
  A hellwing (Lair:1)
  19 hornets
  A queen bee (Lair:4)
  A bloated husk (Swamp:2)
  7 trolls
  36 tarantellas
  13 tyrant leeches
  3 blink frogs (Lair:5)
  11 dream sheep (Lair:4)
  23 slime creatures
  45 jumping spiders
  31 culicivoras
  A shadow (D:11)
  An air elemental (Elf:1)
  2 vampires
  Grum (D:10)
  58 yaks
  16 basilisks
  5 wraiths
  A wyvern (shapeshifter) (D:13)
  2 wyverns
  13 water elementals
  2 ynoxinuls
  4 humans (Lair:3)
  3 fire bats (Lair:5)
  2 fire elementals
  2 chaos spawn (WizLab)
  2 steam dragons
  2 vampire mosquitoes (D:14)
  60 redbacks
  A harpy simulacrum (IceCv)
  17 swamp worms
  A death yak simulacrum (IceCv)
  8 hell hounds
  2 acid dragons
  3 wargs
  2 hydra simulacra (IceCv)
  Duvessa (D:4)
  A floating eye (Depths:3)
  20 water moccasins
  Pargi (Sewer)
  7 swamp drakes (Swamp:4)
  An ice beast (D:8)
  A sky beast (D:7)
  9 black bears
  6 small abominations (Gauntlet)
  24 orc warriors
  4 boggarts (Vaults:1)
  27 wolves
  13 centaurs
  12 ogres
  A phantom (D:5)
  A kobold brigand (D:8)
  12 bullfrogs
  3 earth elementals (Elf:1)
  4 scorpions
  A two-headed ogre simulacrum (IceCv)
  A wight (D:6)
  3 cane toad simulacra (IceCv)
  Dowan (D:4)
  16 killer bees (Lair:4)
  5 howler monkeys
  3 electric eels
  5 lava snakes (Lair:5)
  5 jellies
  3 hounds
  12 orc priests
  2 sleepcaps
  5 iguanas
  Terence (D:3)
  35 orc wizards
  2 lightning spires (Zot:1)
  2 polar bear simulacra (IceCv)
  6 hell rats (Lair:5)
  A spriggan simulacrum (IceCv)
  3 troll simulacra (IceCv)
  5 adders
  4 naga simulacra (IceCv)
  3 shadow imps
  A white imp (IceCv)
  An ufetubus (IceCv)
  A worm (D:4)
  2 dart slugs
  65 orcs
  8 endoplasms
  A giant cockroach (D:1)
  5 goblins
  4 hobgoblins
  6 jackals
  14 kobolds
  A quokka (D:4)
  10 ball pythons
  3 bats
  10 frilled lizards
  5 rats
2142 creatures vanquished.

Vanquished Creatures (others)
  2 deep elf pyromancers (Elf:1)
  A moth of wrath (Zot:4)
  2 deep elf zephyrmancers (Elf:1)
  A bloated husk (Swamp:1)
6 creatures vanquished.

Grand Total: 2148 creatures vanquished

Notes
Turn   | Place    | Note
-------+----------+-------------------------------------------
     0 | D:1      | mandarbmax the Draconian Hunter began the quest for the
                  | Orb.
     0 | D:1      | Reached XP level 1. HP: 17/17 MP: 1/1
    89 | D:1      | You fall into a shaft and drop 1 floor!
   158 | D:1      | Reached XP level 2. HP: 24/24 MP: 2/2
   819 | D:2      | Reached XP level 3. HP: 29/29 MP: 3/3
  1377 | D:3      | Found a radiant altar of Vehumet.
  1474 | D:3      | Reached skill level 5 in Ranged Weapons
  1474 | D:3      | Reached XP level 4. HP: 36/36 MP: 4/4
  1631 | D:3      | Noticed Grinder
  2094 | D:3      | Found a blossoming altar of Fedhas.
  2150 | D:3      | Paralysed by Grinder for 4 turns
  2163 | D:3      | Paralysed by Grinder for 4 turns
  2169 | D:3      | Paralysed by Grinder for 3 turns
  2178 | D:3      | Killed Grinder
  2179 | D:3      | Reached XP level 5. HP: 18/41 MP: 5/5
  2179 | D:3      | Reached XP level 6. HP: 22/48 MP: 6/6
  2289 | D:3      | Noticed Terence
  2308 | D:3      | Killed Terence
  2729 | D:4      | Noticed Duvessa
  2754 | D:4      | Killed Duvessa
  2945 | D:4      | Your scales start taking on a rich purple colour.
  2945 | D:4      | Reached XP level 7. HP: 56/57 MP: 7/7
  3056 | D:4      | Identified the +9 spear of the Eight Scars {heavy, Int+2
                  | Dex+3}
  3357 | D:4      | Noticed Dowan
  3366 | D:4      | Killed Dowan
  3384 | D:5      | Entered Level 5 of the Dungeon
  3388 | D:5      | Reached skill level 1 in Evocations
  3517 | D:5      | Found a glowing drain.
  3522 | Sewer    | Entered a sewer
  3592 | Sewer    | Noticed Pargi
  3609 | Sewer    | Killed Pargi
  3848 | D:5      | Reached XP level 8. HP: 66/66 MP: 8/8
  4313 | D:6      | HP: 3/62 [wight/+3 dire flail of freezing (3)]
  4546 | D:6      | Reached skill level 5 in Fighting
  5007 | D:6      | Reached XP level 9. HP: 69/74 MP: 9/9
  5011 | D:6      | Learned a level 3 spell: Swiftness
  5367 | D:7      | Found a staircase to the Ecumenical Temple.
  5379 | Temple   | Entered the Ecumenical Temple
  5473 | Temple   | Became a worshipper of Warmaster Okawaru
  5950 | D:7      | Noticed a deep troll
  5951 | D:7      | Noticed a deep troll
  5952 | D:7      | Noticed a deep troll
  6394 | D:8      | Noticed Maggie
  6411 | D:8      | Killed Maggie
  6660 | D:8      | Noticed Joseph
  6666 | D:8      | Paralysed by a hornet for 2 turns
  6670 | D:8      | Paralysed by a hornet for 2 turns
  6673 | D:8      | Reached * piety under Okawaru
  6674 | D:8      | Reached skill level 5 in Evocations
  6971 | D:8      | Noticed Psyche
  6983 | D:8      | Killed Psyche
  6984 | D:8      | Reached skill level 10 in Ranged Weapons
  6984 | D:8      | Reached skill level 5 in Dodging
  6984 | D:8      | Reached skill level 1 in Invocations
  6998 | D:8      | Killed Joseph
  7289 | D:7      | Killed a deep troll
  7289 | D:7      | Reached ** piety under Okawaru
  7290 | D:7      | Reached XP level 10. HP: 9/84 MP: 1/12
  7631 | D:7      | Killed a deep troll
  7634 | D:7      | Found the necklace of Bloodlust {Fury *Rage Will++ Int-3
                  | Slay+6}
  8097 | D:9      | Found a staircase to the Orcish Mines.
  8097 | D:9      | Found Farulyga's Armour Shop.
  8403 | D:9      | Bought a +0 pair of gloves for 54 gold pieces
  8403 | D:9      | Bought a +0 pair of boots for 54 gold pieces
  8665 | D:9      | Reached skill level 5 in Invocations
  8797 | D:9      | Reached *** piety under Okawaru
  9297 | D:10     | Entered Level 10 of the Dungeon
  9304 | D:10     | Found a snail-covered altar of Cheibriados.
  9322 | D:10     | Noticed Harold
  9327 | D:10     | Found a runed translucent door.
  9389 | D:10     | Noticed Grum
  9403 | D:10     | Killed Grum
  9471 | D:10     | Killed Harold
  9472 | D:10     | Reached XP level 11. HP: 52/94 MP: 11/14
  9483 | D:10     | Reached **** piety under Okawaru
  9648 | D:10     | Found a burning altar of Makhleb.
  9886 | D:10     | Found a staircase to the Lair.
  9906 | D:10     | Found a glowing golden altar of the Shining One.
  9953 | D:10     | Found an ornate altar of the Wu Jian Council.
  9982 | D:10     | Noticed MrSquiggles's ghost (journeyman DEIE)
 10709 | D:11     | Noticed a centaur warrior
 10723 | D:11     | Killed a centaur warrior
 10904 | D:11     | Identified the +6 trident of Ruinir {elec, rC++ Int-4 Dex+2
                  | Stlth+}
 11138 | D:12     | Noticed a centaur warrior
 11143 | D:12     | Killed a centaur warrior
 11143 | D:12     | Reached ***** piety under Okawaru
 11193 | Lair:1   | Entered Level 1 of the Lair of Beasts
 11247 | Lair:1   | Identified the +0 triple sword of Cypsize {antimagic, rPois
                  | rC- Str+5 SInv} (Okawaru gifted it to you on level 1 of the
                  | Lair of Beasts)
 11247 | Lair:1   | Received a gift from Okawaru
 11411 | Lair:1   | Found a transporter.
 11421 | Lair:1   | Found a one-way gate to the infinite horrors of the Abyss.
 11421 | Lair:1   | Noticed holysushi's ghost (journeyman TeAE)
 11572 | Lair:1   | Found a transporter.
 11590 | Lair:1   | Noticed a thrashing horror
 11620 | Lair:1   | Noticed a hell hog
 11639 | Lair:1   | Reached XP level 12. HP: 106/106 MP: 15/15
 11846 | Lair:1   | Reached skill level 10 in Fighting
 12117 | Lair:2   | Noticed an eight-headed hydra
 12409 | Lair:2   | Noticed a six-headed hydra
 12418 | Lair:2   | Killed a six-headed hydra
 12555 | Lair:2   | Noticed an eight-headed hydra
 12563 | Lair:2   | Killed an eight-headed hydra
 12777 | Lair:2   | Killed an eight-headed hydra
 12777 | Lair:2   | Received a gift from Okawaru
 13375 | Lair:2   | Noticed a six-headed hydra
 13383 | Lair:2   | Killed a six-headed hydra
 13622 | Lair:3   | Received a gift from Okawaru
 13881 | Lair:3   | Noticed Kirke
 13886 | Arena    | Entered the Arena
 13903 | Arena    | Killed Kirke
 13904 | Arena    | Reached XP level 13. HP: 109/116 MP: 11/17
 14033 | Lair:3   | Found a staircase to the Swamp.
 14272 | Lair:3   | Found a hole to the Spider Nest.
 14377 | Lair:3   | Reached ****** piety under Okawaru
 14664 | Lair:4   | Received a gift from Okawaru
 14717 | Lair:4   | Found a gate leading to a gauntlet.
 14735 | Gauntlet | Entered a Gauntlet
 14735 | Gauntlet | Found a transporter.
 14852 | Gauntlet | Found a transporter.
 14854 | Gauntlet | Found a transporter.
 14865 | Gauntlet | Found a transporter.
 14868 | Gauntlet | Found a transporter.
 14882 | Gauntlet | Found a transporter.
 14894 | Gauntlet | Found a transporter.
 14906 | Gauntlet | Found a transporter.
 14915 | Gauntlet | Found a runed translucent door.
 14916 | Gauntlet | Found a transporter.
 14917 | Gauntlet | Found a runed translucent door.
 14931 | Gauntlet | Found a transporter.
 14940 | Gauntlet | Found a transporter.
 14943 | Gauntlet | Found a transporter.
 15048 | Gauntlet | Identified the +2 longbow "Vuroh" {freeze, rF+ rC+ Str-3}
                  | (Okawaru gifted it to you in a Gauntlet)
 15048 | Gauntlet | Received a gift from Okawaru
 15058 | Gauntlet | Found a transporter.
 15162 | Gauntlet | Gained mutation: You occasionally shout uncontrollably at
                  | your foes. [potion of mutation]
 15162 | Gauntlet | Gained mutation: Your flesh is cold resistant. (rC+)
                  | [potion of mutation]
 15162 | Gauntlet | Gained mutation: You occasionally lose the ability to drink
                  | potions when taking damage. [potion of mutation]
 15162 | Gauntlet | Gained mutation: You have a pair of small horns on your
                  | head. [potion of mutation]
 15167 | Gauntlet | Identified the +4 ring mail "Fotow" {rElec rF+ rCorr
                  | Slay+3}
 15167 | Gauntlet | Noticed a minotaur
 15176 | Gauntlet | Killed a minotaur
 15333 | Lair:4   | Reached skill level 15 in Ranged Weapons
 15805 | Lair:4   | Reached skill level 10 in Dodging
 15815 | Lair:4   | Received a gift from Okawaru
 16268 | Lair:4   | Found a staircase to the Slime Pits.
 16529 | Lair:5   | Entered Level 5 of the Lair of Beasts
 16671 | Lair:5   | Received a gift from Okawaru
 16684 | Lair:5   | Reached XP level 14. HP: 47/127 MP: 13/20
 16716 | Lair:5   | Found a dark tunnel.
 16727 | Volcano  | Entered a volcano
 17421 | Lair:5   | Identified the +1 pair of gloves "Join Hoz" {Rampage Regen+
                  | Dex+3} (Okawaru gifted it to you on level 5 of the Lair of
                  | Beasts)
 17421 | Lair:5   | Received a gift from Okawaru
 17546 | Lair:5   | Found a large runed translucent door.
 17546 | Lair:5   | Found a large runed translucent door.
 17752 | Lair:5   | Identified the staff of poison "Waleaq" {rPois rC+}
 17963 | Orc:1    | Entered Level 1 of the Orcish Mines
 18101 | Orc:1    | Noticed jasper's ghost (journeyman SpVM)
 18105 | Orc:1    | Found a runed translucent door.
 18196 | Orc:1    | Found Hipsynki's Specific Store.
 18200 | Orc:1    | Found Tiymm's General Store.
 18571 | Orc:1    | Killed jasper's ghost
 18631 | Orc:2    | Entered Level 2 of the Orcish Mines
 18729 | Orc:2    | Found a staircase to the Elven Halls.
 18744 | Orc:2    | Learned a level 2 spell: Blink
 18748 | Orc:2    | Learned a level 3 spell: Portal Projectile
 18804 | Orc:2    | Learned a level 3 spell: Swiftness
 18908 | Orc:2    | Found Pinyt's Antique Weapon Shop.
 18934 | Orc:2    | Found an ancient bone altar of Kikubaaqudgha.
 18934 | Orc:2    | Noticed Maurice
 18934 | Orc:2    | Noticed Nergalle
 18939 | Orc:2    | Killed Maurice
 18949 | Orc:2    | Killed Nergalle
 18953 | Orc:2    | Found Biumatosyb's Distillery.
 18969 | Orc:2    | Bought a potion of haste for 110 gold pieces
 18971 | Orc:2    | Found a radiant altar of Vehumet.
 19029 | Orc:2    | Found Owyatz's Jewellery Shop.
 19071 | Orc:2    | Found Peif Wit's Antique Weapon Shop.
 19616 | D:12     | Noticed Azrael
 19627 | D:12     | Killed Azrael
 19628 | D:12     | Reached skill level 10 in Invocations
 19688 | D:12     | Received a gift from Okawaru
 19790 | D:12     | Noticed Jorgrun
 19797 | D:12     | Killed Jorgrun
 20202 | D:13     | Identified the +2 hat of Womempo {Int+5} (Okawaru gifted it
                  | to you on level 13 of the Dungeon)
 20202 | D:13     | Received a gift from Okawaru
 20229 | D:13     | Found a frozen archway.
 20236 | D:13     | Reached XP level 15. HP: 123/136 MP: 22/22
 20245 | IceCv    | Entered an ice cave
 20895 | D:13     | Noticed a storm dragon
 20897 | D:13     | Noticed SirDiesAlot's ghost (journeyman OpEE)
 20899 | D:13     | Noticed a sphinx
 21075 | D:13     | Found a transporter.
 21090 | D:13     | Found a transporter.
 21090 | D:13     | Noticed Josephine
 21095 | D:13     | Killed Josephine
 21865 | D:14     | Identified the +5 quarterstaff of Doinoj {venom, rC- Str+5}
 21938 | D:14     | Identified the scarf of Youthful Indiscretion {harm, Will+}
                  | (Okawaru gifted it to you on level 14 of the Dungeon)
 21938 | D:14     | Received a gift from Okawaru
 22023 | D:14     | Noticed Roxanne
 22034 | D:14     | Killed Roxanne
 22097 | D:14     | Found a gate to the Vaults.
 22322 | D:15     | Entered Level 15 of the Dungeon
 22749 | D:15     | Found a staircase to the Depths.
 23234 | Swamp:1  | Entered Level 1 of the Swamp
 23321 | Swamp:1  | Noticed Frances
 23328 | Swamp:1  | Killed Frances
 23510 | Swamp:1  | Reached XP level 16. HP: 114/147 MP: 23/23
 23512 | Swamp:1  | Identified the +1 pair of gloves "Ebiudu" {+Inv Will+
                  | Int+3} (Okawaru gifted it to you on level 1 of the Swamp)
 23512 | Swamp:1  | Received a gift from Okawaru
 23723 | Swamp:1  | Noticed a thorn hunter
 23734 | Swamp:1  | Killed a thorn hunter
 23956 | Swamp:2  | Reached skill level 15 in Fighting
 24189 | Swamp:2  | Found a transporter.
 24208 | Swamp:2  | Noticed Zenkrye's ghost (adept AtBe)
 24219 | Swamp:2  | Found a transporter.
 24226 | Swamp:2  | Found a bloodstained altar of Trog.
 24791 | Orc:2    | Bought the +6 arbalest "Damnation" {damnation} for 1840
                  | gold pieces
 24791 | Orc:2    | Found the +6 arbalest "Damnation" {damnation}
 25586 | Swamp:4  | Entered Level 4 of the Swamp
 25682 | Swamp:3  | Lost mutation: Your flesh is cold resistant. (rC+) [potion
                  | of mutation]
 25682 | Swamp:3  | Lost mutation: You have a pair of small horns on your head.
                  | [potion of mutation]
 25682 | Swamp:3  | Gained mutation: You sometimes lose your temper in combat.
                  | [potion of mutation]
 25682 | Swamp:3  | Gained mutation: You passively map a small area around you.
                  | [potion of mutation]
 25683 | Swamp:3  | Lost mutation: You occasionally shout uncontrollably at
                  | your foes. [potion of mutation]
 25683 | Swamp:3  | Lost mutation: You occasionally lose the ability to drink
                  | potions when taking damage. [potion of mutation]
 25683 | Swamp:3  | Lost mutation: You passively map a small area around you.
                  | [potion of mutation]
 25683 | Swamp:3  | Gained mutation: You are vulnerable to heat. (rF-) [potion
                  | of mutation]
 25683 | Swamp:3  | Gained mutation: You have a pair of small horns on your
                  | head. [potion of mutation]
 25755 | Swamp:4  | Received a gift from Okawaru
 26155 | Swamp:4  | Identified the +2 ring mail "Peuhaz" {Regen+ rCorr Int-2
                  | Stlth-}
 26546 | Swamp:4  | Reached XP level 17. HP: 49/159 MP: 24/24
 26728 | Swamp:4  | Identified the +3 buckler "Tomys" {rCorr Int-2 SInv Stlth+}
                  | (Okawaru gifted it to you on level 4 of the Swamp)
 26728 | Swamp:4  | Received a gift from Okawaru
 26931 | Swamp:4  | Got a decaying rune of Zot
 26946 | Swamp:4  | Reached XP level 18. HP: 168/168 MP: 25/25
 27168 | Spider:1 | Entered Level 1 of the Spider Nest
 27279 | Spider:1 | Noticed Mlioglotl
 27290 | Spider:1 | Killed Mlioglotl
 27522 | Spider:1 | Reached skill level 15 in Dodging
 27525 | Spider:1 | Noticed Rupert
 27531 | Spider:1 | Killed Rupert
 28127 | Spider:2 | Found a runed translucent door.
 28128 | Spider:2 | Noticed Doqag's ghost (adept MfHs)
 28301 | Spider:2 | Reached skill level 1 in Stealth
 28691 | Spider:2 | Identified the +7 orcbow "Kenol" {heavy, Int+3} (Okawaru
                  | gifted it to you on level 2 of the Spider Nest)
 28691 | Spider:2 | Received a gift from Okawaru
 29052 | Arena    | Entered the Arena
 29095 | Spider:2 | Killed Doqag's ghost
 29908 | Spider:3 | Reached XP level 19. HP: 179/179 MP: 26/26
 30194 | Spider:4 | Entered Level 4 of the Spider Nest
 30461 | Spider:4 | Received a gift from Okawaru
 30631 | Arena    | Entered the Arena
 30764 | Spider:4 | Identified the +2 orcbow of Imminent Death {speed, rElec
                  | rC+++ Will- Int-5} (Okawaru gifted it to you on level 4 of
                  | the Spider Nest)
 30764 | Spider:4 | Received a gift from Okawaru
 30925 | Spider:4 | Got a gossamer rune of Zot
 31328 | Spider:4 | Identified the +2 robe of Infinity {Harm rPois}
 31716 | Elf:1    | Entered Level 1 of the Elven Halls
 31719 | Elf:1    | Noticed Nikola
 31782 | Elf:1    | Killed Nikola
 31870 | Elf:1    | Noticed Louise
 31879 | Elf:1    | Killed Louise
 31929 | Elf:1    | Received a gift from Okawaru
 31965 | Elf:1    | Noticed Agnes
 31989 | Elf:1    | Killed Agnes
 31989 | Elf:1    | Noticed Aizul
 31991 | Elf:1    | Killed Aizul
 32671 | Elf:1    | Found Vahoos's Book Shoppe.
 32671 | Elf:1    | Found Jaman's Jewellery Shop.
 32672 | Elf:1    | Found Geiluum's Book Shoppe.
 32728 | Elf:1    | Found a transporter.
 32733 | Elf:1    | Found a bloodstained altar of Trog.
 32754 | Elf:1    | Noticed comborobin's ghost (adept DEDe)
 32766 | Elf:1    | Found a transporter.
 33130 | D:10     | Killed MrSquiggles's ghost
 33261 | D:13     | Killed SirDiesAlot's ghost
 33264 | D:13     | Reached XP level 20. HP: 160/195 MP: 22/27
 33469 | Lair:1   | Killed holysushi's ghost
 33875 | Swamp:2  | Killed Zenkrye's ghost
 33880 | Swamp:2  | Identified the ring "Usut Uth" {rPois Dex+2}
 34309 | Elf:1    | Killed comborobin's ghost
 34424 | Elf:2    | Received a gift from Okawaru
 34603 | Elf:2    | Found a magical portal.
 34608 | WizLab   | Entered Doroklohe's Tomb
 34951 | WizLab   | Identified the ring "Awofoism" {rF+ Will+ Str-4 Int+4 SInv}
 35090 | Elf:2    | Found Jeitefil's Antique Armour Shop.
 35170 | Elf:2    | Found a huge runed translucent gate.
 35170 | Elf:2    | Found a huge runed translucent gate.
 35170 | Elf:2    | Found a huge runed translucent gate.
 35170 | Elf:2    | Found a huge runed translucent gate.
 35170 | Elf:2    | Found a huge runed translucent gate.
 36174 | Elf:3    | Entered Level 3 of the Elven Halls
 36242 | Elf:3    | Found Nahyitry's Armour Shop.
 36418 | Elf:3    | Found Akuu's Assorted Antiques.
 36429 | Elf:3    | Bought 3 scrolls labelled YHATHR TEUHU for 93 gold pieces
 36955 | Elf:3    | Identified the +0 leather armour "Oqiol" {rF- Will+++ Str-4
                  | Dex+3}
 36964 | Elf:3    | Identified the +5 whip of Agony {elec, Str+3}
 36976 | Elf:3    | Identified the +3 mace of Ascent {flame, Str+2 Int+5}
 36976 | Elf:3    | Identified the orb of Limited Liability {guile, -Tele rElec
                  | rC++ MP+9}
 36977 | Elf:3    | Reached XP level 21. HP: 186/209 MP: 24/28
 37068 | Elf:3    | Identified the +6 dagger "Gackusic" {pain, rC+ rN+ MP+9}
 37251 | Elf:3    | Identified the staff of earth "Rafaluiw" {Fly Str+2}
 37378 | Elf:3    | Found Enad's Assorted Antiques.
 37721 | Vaults:1 | Entered Level 1 of the Vaults
 37762 | Vaults:1 | Received a gift from Okawaru
 39041 | Vaults:2 | Identified the +10 triple crossbow of Success {speed,
                  | Str+3} (Okawaru gifted it to you on level 2 of the Vaults)
 39041 | Vaults:2 | Received a gift from Okawaru
 39270 | Vaults:2 | Found a flickering gateway to a bazaar.
 39285 | Bazaar   | Entered a bazaar
 39286 | Bazaar   | Found Ucvymawn's Magic Scroll Shop.
 39291 | Bazaar   | Found Quen's Antique Armour Shop.
 39294 | Bazaar   | Bought a scroll of blinking for 82 gold pieces
 39302 | Bazaar   | Found Usmuatil's Assorted Antiques.
 39307 | Bazaar   | Found Ecug's Distillery.
 39320 | Bazaar   | Found Yhurapou's General Store.
 39339 | Bazaar   | Bought a potion of heal wounds for 65 gold pieces
 39359 | Bazaar   | Bought a scroll of enchant armour for 82 gold pieces
 39372 | Bazaar   | Bought a potion of cancellation for 208 gold pieces
 40443 | Vaults:3 | Found a staircase to the Crypt.
 40443 | Vaults:3 | Found a basalt altar of Yredelemnul.
 40444 | Vaults:3 | Found an ancient bone altar of Kikubaaqudgha.
 40709 | Vaults:3 | Reached skill level 5 in Stealth
 40713 | Vaults:3 | Received a gift from Okawaru
 40986 | Vaults:3 | Identified the staff of air "Cucicu" {rElec Str+4 Int-3}
 41238 | Vaults:3 | Reached XP level 22. HP: 220/220 MP: 29/29
 41301 | Vaults:4 | Noticed Xtahua
 41314 | Vaults:4 | Killed Xtahua
 41381 | Vaults:4 | Found a gateway to a bazaar.
 41406 | Bazaar   | Entered a bazaar
 41410 | Bazaar   | Found Itzaikke's Assorted Antiques.
 41432 | Bazaar   | Found Eshrexiw's Antique Weapon Emporium.
 41453 | Bazaar   | Found Cestuph's Magic Scroll Boutique.
 41473 | Bazaar   | Found Hipa's Antique Weapon Shoppe.
 41515 | Bazaar   | Bought 3 scrolls of revelation for 202 gold pieces
 41515 | Bazaar   | Bought a scroll of blinking for 67 gold pieces
 41545 | Bazaar   | Bought a potion of heal wounds for 120 gold pieces
 41545 | Bazaar   | Bought a potion of invisibility for 192 gold pieces
 41545 | Bazaar   | Bought a scroll of enchant armour for 180 gold pieces
 42036 | Vaults:4 | Found a runed translucent gate.
 42036 | Vaults:4 | Found a runed translucent gate.
 42036 | Vaults:4 | Found an ancient bone altar of Kikubaaqudgha.
 42036 | Vaults:4 | Found a runed translucent gate.
 42036 | Vaults:4 | Noticed Pixtaico's ghost (adept FeNe)
 42036 | Vaults:4 | Noticed Yptir's ghost (adept AtFE)
 42036 | Vaults:4 | Noticed a dread lich
 42037 | Vaults:4 | Noticed Yptir's ghost (adept AtFE)
 42198 | Vaults:4 | Received a gift from Okawaru
 42288 | Vaults:4 | Noticed Saint Roka
 42293 | Vaults:4 | Killed Saint Roka
 42698 | Vaults:4 | Killed a dread lich
 42705 | Vaults:4 | Killed Pixtaico's ghost
 42708 | Vaults:4 | Killed Yptir's ghost
 42719 | Vaults:4 | Killed Yptir's ghost
 42723 | Vaults:4 | Identified the ring "Hicurrui" {rN+ Dex+6 Slay+4}
 42732 | Vaults:4 | Identified the ring of Miefreon {rF+ Int+6}
 42734 | Vaults:4 | Identified the -2 pair of gloves of the Thunderstorm {-Tele
                  | rF++ rCorr}
 42778 | Vaults:5 | Entered Level 5 of the Vaults
 42982 | Vaults:5 | Received a gift from Okawaru
 43081 | Vaults:5 | Reached XP level 23. HP: 227/227 MP: 30/30
 43113 | Vaults:5 | Identified the staff of earth "Huchokac" {rN+}
 43115 | Vaults:5 | Identified the +7 dagger of the Radish {protect, rPois
                  | rCorr Stlth-}
 43158 | Vaults:5 | Identified the +1 robe of Xom's Reproof {rElec rCorr}
 43188 | Vaults:5 | Noticed a dread lich
 43193 | Vaults:5 | Killed a dread lich
 43228 | Vaults:5 | Identified the +1 longbow of the Common Good {drain,
                  | Will++} (Okawaru gifted it to you on level 5 of the Vaults)
 43228 | Vaults:5 | Received a gift from Okawaru
 43363 | Vaults:5 | Noticed an ancient lich
 43368 | Vaults:5 | Killed an ancient lich
 43383 | Vaults:5 | Got a silver rune of Zot
 43787 | Vaults:5 | Identified the +1 buckler of the Red God {*Corrode rN++
                  | Int+3} (Okawaru gifted it to you on level 5 of the Vaults)
 43787 | Vaults:5 | Received a gift from Okawaru
 44123 | Depths:1 | Entered Level 1 of the Depths
 44148 | Depths:1 | Found a broken altar of Ashenzari.
 44222 | Depths:1 | Found Ucieq's Magic Scroll Boutique.
 44334 | Depths:1 | You fall into a shaft and drop 1 floor!
 44485 | Depths:1 | Found a one-way gateway to a ziggurat.
 44729 | Depths:1 | Found a gateway to Hell.
 44896 | Depths:1 | Lost mutation: You sometimes lose your temper in combat.
                  | [potion of mutation]
 44896 | Depths:1 | Lost mutation: You have a pair of small horns on your head.
                  | [potion of mutation]
 44896 | Depths:1 | Lost mutation: You are vulnerable to heat. (rF-) [potion of
                  | mutation]
 44896 | Depths:1 | Gained mutation: You are somewhat resistant to further
                  | mutation. [potion of mutation]
 45090 | Depths:1 | Found a shadowy altar of Dithmenos.
 45479 | Depths:2 | Identified the +5 battleaxe of the Hierophant {chaos, rElec
                  | Int+6 Stlth+} (Okawaru gifted it to you on level 2 of the
                  | Depths)
 45479 | Depths:2 | Received a gift from Okawaru
 45534 | Depths:2 | Found a one-way gate leading to the halls of Pandemonium.
 45603 | Depths:2 | Identified the amulet "Vyrriq" {rElec Will+ Regen+}
 45692 | Depths:2 | Reached XP level 24. HP: 201/238 MP: 30/30
 45879 | Depths:2 | Found Qevaucad's Pet Rocks.
 46581 | Depths:3 | Noticed the Enchantress
 46593 | Depths:3 | Killed the Enchantress
 46763 | Depths:3 | Received a gift from Okawaru
 46794 | Depths:3 | Found a runed translucent door.
 46795 | Depths:3 | Found a runed translucent door.
 46795 | Depths:3 | Found a runed translucent door.
 46828 | Depths:3 | Identified the +0 scimitar of Puckish Valiance {spect,
                  | Str-5 Int+5 SInv}
 46832 | Depths:3 | Identified the +1 chain mail of Cogus {rF+ MP+9 Str+3}
 46843 | Depths:3 | Paralysed by a floating eye for 4 turns
 46861 | Depths:3 | Identified the +4 pair of gloves of Veneuham {Str+2 SInv
                  | Stlth+} (Okawaru gifted it to you on level 3 of the Depths)
 46861 | Depths:3 | Received a gift from Okawaru
 47272 | Depths:4 | Entered Level 4 of the Depths
 47927 | Depths:4 | Found a gate to the Realm of Zot.
 48135 | Zot:1    | Entered Level 1 of the Realm of Zot
 48407 | Zot:1    | Identified the +10 kite shield of Supple Strength {Stlth+}
                  | (Okawaru gifted it to you on level 1 of the Realm of Zot)
 48407 | Zot:1    | Received a gift from Okawaru
 49102 | Zot:2    | Reached XP level 25. HP: 249/249 MP: 30/30
 49103 | Zot:2    | Noticed an orb of fire
 49114 | Zot:2    | Killed an orb of fire
 50230 | Zot:3    | Received a gift from Okawaru
 50406 | Zot:3    | Found the amulet of the Air {Inacc Air Fly rElec RMsl}
 50663 | Zot:4    | Identified the +4 falchion of World Downfall {antimagic,
                  | Will+ Int+4}
 50692 | Zot:4    | Noticed a Killer Klown
 50704 | Zot:4    | Killed a Killer Klown
 50860 | Zot:4    | Received a gift from Okawaru
 51385 | Zot:4    | Identified the staff of death "Hyfiocw" {rN+ Stlth+}
 51474 | Zot:4    | Found the +10 morningstar "Eos" {elec, Halo rElec}
 51612 | Zot:5    | Entered Level 5 of the Realm of Zot
 52016 | Zot:5    | Noticed a Killer Klown
 52196 | Zot:5    | Killed a Killer Klown
 52241 | Zot:5    | Noticed a Killer Klown
 52245 | Zot:5    | Killed a Killer Klown
 52245 | Zot:5    | Noticed an ancient lich
 52247 | Zot:5    | Killed an ancient lich
 52247 | Zot:5    | Noticed a dread lich
 52248 | Zot:5    | Reached skill level 27 in Ranged Weapons
 52253 | Zot:5    | Noticed an ancient lich
 52255 | Zot:5    | Killed a dread lich
 52257 | Zot:5    | Killed an ancient lich
 52257 | Zot:5    | Noticed a dread lich
 52258 | Zot:5    | Reached XP level 26. HP: 261/261 MP: 30/30
 52258 | Zot:5    | Noticed a dread lich
 52260 | Zot:5    | Killed a dread lich
 52260 | Zot:5    | Received a gift from Okawaru
 52263 | Zot:5    | Killed a dread lich
 52272 | Zot:5    | Noticed an orb of fire
 52279 | Zot:5    | Killed an orb of fire
 52484 | Zot:5    | Noticed a dread lich
 52485 | Zot:5    | Killed a dread lich
 52492 | Zot:5    | Noticed an orb of fire
 52495 | Zot:5    | Gained mutation: You are occasionally teleported next to
                  | monsters. [an orb of fire]
 52500 | Zot:5    | Killed an orb of fire
 52542 | Zot:5    | Noticed a dread lich
 52555 | Zot:5    | Killed a dread lich
 52659 | Zot:5    | Reached skill level 27 in Fighting
 52696 | Zot:5    | Received a gift from Okawaru
 52798 | Zot:5    | Reached skill level 10 in Stealth
 53069 | Zot:5    | Got the Orb of Zot
 53331 | Zot:1    | Noticed Eteeboy the pandemonium lord
 53821 | D:$      | Escaped with the Orb!

Illustrated notes

Levels and vault maps discovered:
D:1:      lightli_arrival_statue_moat, layout_basic
D:2:      layout_basic
D:3:      layout_basic, mainiacjoe_overflow_alcove_1, vehumet_altar_wand_db,
          uniq_terence, uniq_grinder
D:4:      layout_gridville, uniq_duvessa
D:5:      layout_loops_ring, portal_sewer_entry_e, grunt_ministairs_14
D:6:      layout_basic
D:7:      layout_basic, minmay_temple_entry_mini_moons,
          hellmonk_guarded_unrand_vitality_bloodlust
D:8:      layout_loops_ring, hangedman_abyss_or_decor_lesser_grid, uniq_joseph,
          uniq_psyche, uniq_maggie
D:9:      layout_loops_ring, orc_david_3
D:10:     layout_cave_pools, mainiacjoe_overflow_alcove_4, bloody_makhleb,
          kennysheep_little_box, lemuel_tele_altar, lair_entry_dummy,
          ebering_ghost_reflecting_pool, uniq_harold, uniq_grum
D:11:     layout_irregular_city, minmay_fountain_box
D:12:     layout_rooms, hangedman_fish_farm, uniq_azrael, uniq_jorgrun
D:13:     layout_stronghold, gammafunk_ghost_arena, portal_ice_cave_rime,
          uniq_josephine
D:14:     layout_loops_cross, david_vaults_1, uniq_roxanne
D:15:     hangedman_depths_entry_try_elsewhere_first, layout_loops_ring,
          minmay_misc_feat_tower
Temple:   minmay_temple_bridge_d
Lair:1:   layout_small_grid, gammafunk_ghost_abyssal_escape
Lair:2:   cheibrodos_lair_overgrown_chateau, layout_chaotic_city,
          beast_lair_carwin_4, serial_bayou_shore_b
Lair:3:   layout_regular_city, swamp_mist_pool, spider_nest_entry_web_field,
          beast_lair_carwin_2, uniq_kirke
Lair:4:   dpeg_oklob_shooting_range, layout_loops_ring,
          minmay_slime_entry_oklob_open, special_room [special_room_bee],
          gauntlet_entry_generic, nicolae_lair_grazing_beasts
          [nicolae_sub_lair_graze_edge, nicolae_sub_lair_graze_edge,
          nicolae_sub_lair_graze_edge, nicolae_sub_lair_graze_edge]
Lair:5:   cheibrodos_lair_end_hotspot, layout_loops_ring,
          nicolae_volcano_entry_batcave
Swamp:1:  layout_basic_swamp, nicolae_swamp_rocky_clearing, swamp_pool1,
          infiniplex_staircase_pool, uniq_frances
Swamp:2:  layout_basic_swamp, gammafunk_ghost_berserking_beasts,
          lemuel_altar_in_water2
Swamp:3:  layout_basic_swamp, evilmike_swamp_ruin_rubble_2
Swamp:4:  swamp_basic_johnstein, layout_basic_swamp, swamp_pool1,
          nicolae_swamp_fairy_circle
Spider:1: layout_spider_delve, uniq_rupert, uniq_mlioglotl
Spider:2: layout_spider_delve, ebering_ghost_inner_flame
Spider:3: layout_spider_delve, nicolae_spider_moth_buddies
Spider:4: hellmonk_spider_rune_bug_friends, drop_trap,
          nicolae_spider_world_wide_web
Orc:1:    layout_diamond_mine, hellmonk_ghost_happy_afterlife,
          nicolae_specific_store, mines2_david
Orc:2:    kennysheep_orc_mage_school, layout_caves, uniq_maurice
Elf:1:    elf_arrival_002, layout_rooms, gammafunk_ghost_wrathful_warriors,
          minivault_28, lemuel_upstairs_altar, grunt_megastairs_4,
          minmay_shop_grove, uniq_agnes, uniq_louise, uniq_aizul, uniq_nikola
Elf:2:    elven_hall_of_blades_hangedman_alternative
          [nicolae_blade_entry_floor_patterns], layout_geoelf_octagon,
          serial_shops, shop, mu_enter_wizlab_2
Elf:3:    minmay_elf_hall_dome, layout_geoelf_grid, serial_shops, shop,
          nicolae_shop_peninsula, shop_statue
Vaults:1: grunt_vaults_trifunnel, nicolae_vaults_oval_intersection,
          grunt_vaults_twisty, nicolae_vaults_ring_of_whatevers,
          nicolae_vaults_asterisk, v_misc_30, nicolae_vaults_apartment_1,
          vaults_dpeg_hooks, ontoclasm_vaults_chip, v_alt_pattern_6,
          hangedman_vaults_corner_blocks, v_misc_16,
          nicolae_vaults_more_shelving_1, nicolae_vaults_trapezoid_4,
          layout_vaults_maze_snakey
Vaults:2: ontoclasm_vaults_idyll, nicolae_vaults_security_offices_6,
          nicolae_vaults_tangram_1, nicolae_vaults_trapezoid_layered,
          nicolae_vaults_closet_pinwheel_2, ontoclasm_vaults_ring_small,
          vaults_dpeg_cross, nicolae_vaults_tetromino_Z_2,
          nicolae_vaults_double_plus_1, layout_vaults_omnigrid, serial_shops,
          bzr_in_the_mist
Vaults:3: hangedman_vaults_stitches, nicolae_vaults_big_ls,
          nicolae_vaults_cochlea, nicolae_vaults_network_quinsquares
          [nicolae_vaults_network_quincunx_subvault,
          nicolae_vaults_network_quincunx_subvault,
          nicolae_vaults_network_quincunx_subvault,
          nicolae_vaults_network_quincunx_subvault], nicolae_vaults_heist,
          v_misc_9, vaults_mumra_hexcomb, kb_rosetta, vaults_room_grid,
          minmay_crypt_entry_necro_gods, vaults_room_grid,
          vaults_dpeg_encased_lava, nicolae_vaults_asterisk,
          nicolae_vaults_storage_room_glass, layout_vaults_omnibox
Vaults:4: gammafunk_ghost_crypt, nicolae_vaults_more_shelving_2,
          nicolae_vaults_frosty_reception, vaults_mumra_minichess_inversion,
          st_quartered_hall, nicolae_vaults_trapezoid_2,
          dpeg_vaults_monster_box, vaults_room_fours,
          nicolae_vaults_ninety_degrees, nicolae_vaults_tetromino_Z_1,
          nicolae_vaults_rhombus_6, ontoclasm_vaults_fault,
          ontoclasm_vaults_twist, layout_vaults_ring, serial_shops, statue_bzr,
          uniq_xtahua, uniq_saint_roka
Vaults:5
Depths:1: layout_gridlike, enter_ziggurat_b, cheibrodos_ashenzari_chains,
          serial_shops, shop, grunt_hell_horde, grunt_dithmenos_smoke,
          kennysheep_random_hallway
Depths:2: kennysheep_big_flooded_room, layout_basic, minmay_misc_feat_pillars,
          hellmouth_3, rand_demon_pan_entry_1, guppyfry_shop_earth
Depths:3: minmay_the_grid_triangle_9x9_recursive_2_mashed
          [minmay_the_grid_triangle_9x9_prize_top_heavy,
          minmay_the_grid_triangle_9x9_fully_insulated_deathbox,
          minmay_the_grid_triangle_9x9_wacky_v,
          minmay_the_grid_triangle_9x9_skeleton], layout_cave_shapes,
          nrook_mini_backslash, grunt_hell_entry_dis_old, abyss_entry_crystal,
          minmay_staircase_bubble, uniq_enchantress
Depths:4: grunt_zot_entry_alcove, layout_gridlike,
          hangedman_abyss_or_decor_stagger, hell_entry, pan_entry,
          serial_bayou_shore_a, grunt_megastairs_1
Zot:1:    evilmike_crystal_ball_defense, layout_gridlike
Zot:2:    layout_gridlike, st_stairs_9, uniq_grunn
Zot:3:    layout_misc_corridors, zot_minivault_6
Zot:4:    layout_gridlike, kennysheep_underground_church
Zot:5:    layout_gridlike, drop_trap, nicolae_zot_crop_circle

Skill      XL: |  1  2  3  4  5  6  7  8  9 10 11 12 13 14 15 16 17 18 19 20 21 22 23 24 25 26 |
---------------+-------------------------------------------------------------------------------+-----
Dodging        | 2 4 5 6 7 9 10 11 12 13 14 16 17 19 20 21 22 23 24 | 24.1
Ranged Weapons | 4 5 6 7 8 9 10 11 13 14 15 16 18 19 20 21 22 24 25 27 | 27.0
Fighting       | 3 4 5 6 8 9 11 12 13 14 16 18 20 22 23 24 25 26 27 | 27.0
Evocations     | 2 4 5 6 |  6.0
Invocations    | 3 5 6 8 10 | 10.4
Stealth        | 4 6 9 10 | 10.4

Action                     |  1- 3 |  4- 6 |  7- 9 | 10-12 | 13-15 | 16-18 | 19-21 | 22-24 | 25-27 || total
---------------------------+-------+-------+-------+-------+-------+-------+-------+-------+-------++-------
   Fire: Shortbow          |    99 |   120 |    66 |       |       |       |       |       |       ||   285
         Orcbow            |       |       |   338 |   735 |   146 |    49 |   675 |       |       ||  1943
         Longbow           |       |       |       |       |   798 |   267 |   278 |       |       ||  1343
         Hand crossbow     |       |       |       |       |   328 |   113 |       |       |       ||   441
         Arbalest          |       |       |       |       |       |   267 |   288 |       |       ||   555
         Triple crossbow   |       |       |       |       |       |       |   203 |  1042 |   468 ||  1713
 Invoke: Heroism           |       |       |     1 |     8 |     6 |       |     3 |     3 |     1 ||    22
         Finesse           |       |       |       |     1 |     4 |     1 |    10 |     2 |     2 ||    20
         Duel              |       |       |       |     1 |       |     1 |     1 |       |       ||     3
Ability: Breathe Dispellin |       |       |    10 |     4 |       |       |     6 |     1 |       ||    21
  Evoke: Wand              |       |    14 |     4 |     2 |     1 |       |     1 |       |       ||    22
         Condenser vane    |       |       |       |       |       |     1 |     1 |     2 |       ||     4
    Use: Scroll            |       |     1 |    12 |     7 |    14 |     6 |     9 |    10 |     1 ||    60
         Potion            |       |       |     5 |     7 |     3 |     8 |     8 |     5 |     1 ||    37
 Armour: Skin              |    18 |    18 |    98 |   161 |    90 |    57 |    78 |    17 |     2 ||   539
  Dodge: Dodged            |    31 |    38 |   180 |   361 |   517 |   247 |   658 |   255 |    60 ||  2347
  Block: Buckler           |       |       |       |       |    35 |    13 |       |       |       ||    48

Table legend: (Time is in decaauts)
 A = Elapsed time spent in this place.
 B = Non-inter-level travel time spent in this place.
 C = Inter-level travel time spent in this place.
 D = Time resting spent in this place.
 E = Time spent auto-exploring this place.
 F = Levels seen in this place.
 G = Mean time per level.
                   A        B        C        D        E       F      G
               +--------+--------+--------+--------+--------+-----+--------+
         Total |  52808 |  47190 |   5618 |   5397 |  32147 |  58 |  910.5 |
       Dungeon |  15176 |  13286 |   1890 |   1113 |   9868 |  15 | 1011.7 |
        Temple |    165 |     67 |     98 |      0 |     60 |   1 |  165.0 |
          Lair |   6615 |   5644 |    971 |    654 |   3755 |   5 | 1323.0 |
         Swamp |   4150 |   3566 |    584 |    664 |   2329 |   4 | 1037.5 |
   Spider Nest |   4118 |   3935 |    183 |    694 |   2432 |   4 | 1029.5 |
  Orcish Mines |   1856 |   1426 |    430 |     37 |   1104 |   2 |  928.0 |
   Elven Halls |   4003 |   3737 |    266 |   1285 |   1598 |   3 | 1334.3 |
        Vaults |   5656 |   5362 |    294 |    273 |   3705 |   5 | 1131.2 |
        Depths |   4118 |   3829 |    289 |    261 |   2942 |   4 | 1029.5 |
           Zot |   4880 |   4270 |    610 |    308 |   3294 |   5 |  976.0 |
        Bazaar |    248 |    248 |      0 |      0 |    121 |   2 |  124.0 |
         Sewer |    251 |    251 |      0 |      0 |    161 |   1 |  251.0 |
      Ice Cave |    424 |    424 |      0 |      0 |    218 |   1 |  424.0 |
       Volcano |    194 |    194 |      0 |      0 |    157 |   1 |  194.0 |
        Wizlab |    370 |    370 |      0 |     11 |    216 |   1 |  370.0 |
      Gauntlet |    494 |    494 |      0 |     50 |    185 |   1 |  494.0 |
         Arena |     84 |     84 |      0 |     45 |      0 |   3 |   28.0 |
               +--------+--------+--------+--------+--------+-----+--------+

Top non-repeatable levels by time:
  Lair:3: 1631 daAuts
     D:3: 1491 daAuts
  Lair:2: 1482 daAuts
Spider:2: 1472 daAuts
   Elf:1: 1463 daAuts
     D:7: 1366 daAuts
   Zot:5: 1337 daAuts
  Lair:1: 1320 daAuts
   Elf:3: 1294 daAuts
     D:6: 1267 daAuts
Depths:3: 1263 daAuts
   Elf:2: 1245 daAuts
     D:8: 1240 daAuts
 Swamp:3: 1240 daAuts
Vaults:4: 1230 daAuts
